AoeStats
← declanjh

Scandinavia

510836989Analyzed
1v1 RM · 12h ago on Oct 2, 2026· 40m 43s· 2 players
Game mode
Random Map
Map size
Tiny (2 player)
Population
200
Speed
Normal
Resources
Standard
Victory
Conquest
Starting age
Dark Age
Ending age
Imperial Age
RankedLock teamsTeams togetherTeam positionsShared explorationLock speedFull tech treeHidden civsTurbo modeCheats
Victory
Defeat
🇹🇷 Mongols · Türkiye
480
+19
🇩🇪 Mongols · Germany
541
-19
Ömer the king
11:04 Feudal Age
9:22 Loom
23:26 Castle Age
22:02 Wheelbarrow
21:13 Horse Collar
21:23 Double-Bit Axe
25:09 Fletching
32:26 Bodkin Arrow
32:32 Padded Archer Armor
32:39 Scale Barding Armor
32:50 Bloodlines
32:41 Husbandry
36:25 Chain Barding Armor
36:20 Leather Archer Armor
39:52 Forging
42:44 Imperial Age
40:30 Hand Cart
declanjh
7:51 Loom
7:58 Loom
13:38 Feudal Age
18:24 Double-Bit Axe
30:32 Castle Age
Connection lost

Rejoining the realm…

Still unreachable

The connection could not be restored.

Session expired

The server has moved on; the page needs a fresh start.